 Dungeon Crawl Stone Soup version 0.31-a0-844-gdc52ec4e09 (webtiles) character file.

Game seed: 9062796686180630538

3923 javelincjr the Fighter (level 10, -12/88 HPs)
             Began as a Minotaur Fighter on Sept 28, 2023.
             Was a Plaything of Xom.
             Killed from afar by an acid dragon (13 damage)
             ... with a splash of acid
             ... on level 8 of the Dungeon.
             The game lasted 00:21:49 (7618 turns).

javelincjr the Fighter (Minotaur Fighter)           Turns: 7618, Time: 00:21:50

Health: -12/88     AC: 20    Str: 32    XL:     10   Next: 1%
Magic:  8/8        EV: 11    Int:  3    God:    Xom [......]
Gold:   440        SH: 11    Dex: 11    Spells: 9/9 levels left

rFire   + + +        y - +3 hand axe (venom)
rCold   . . .        b - +1 buckler
rNeg    . . .        k - +0 chain mail
rPois   .            (helmet restricted)
rElec   .            F - +0 cloak
rCorr   +            c - +1 pair of gloves
SInv    .            (no boots)
Will    .....        C - amulet of reflection Stlth
                     o - ring of protection from fire
HPRegen 0.34/turn    z - ring of resist corrosion
MPRegen 0.11/turn

%: random rage (3%), reflection
@: mighty, on berserk cooldown, slowed, very slow
A: horns 2, retaliatory headbutt, iridescent scales 3, thin skeletal structure
1, berserk 1, fire resistance 2, low MP 1, strong 2
a: Renounce Religion


You were on level 8 of the Dungeon.
You worshipped Xom.
You were a very special plaything of Xom.
You visited 1 branch of the dungeon, and saw 8 of its levels.
You also visited: Ossuary.

You collected 522 gold pieces.
You spent 82 gold pieces at shops.

Inventory:

Hand Weapons
 a - a +0 war axe
 l - a +2 longbow of flaming
 u - a +2 short sword of venom
 x - a +1 mace of holy wrath
 y - a +3 hand axe of venom (weapon)
 B - a +3 trident of draining
 D - a +3 spear
 G - a +4 falchion of distortion
 L - a +4 quarterstaff of chaos
Missiles
 w - 6 boomerangs
 E - 3 curare-tipped darts
Armour
 b - a +1 buckler (worn)
 c - a +1 pair of gloves (worn)
 k - a +0 chain mail (worn)
 F - a +0 cloak (worn)
 I - an orb of energy
Jewellery
 o - a ring of protection from fire (left hand)
 z - a ring of resist corrosion (right hand)
 C - an amulet of reflection (around neck)
Scrolls
 e - 3 scrolls of amnesia
 i - 4 scrolls of vulnerability
 j - a scroll of enchant weapon
 m - 3 scrolls of noise
 n - 4 scrolls of immolation
 p - 3 scrolls of teleportation
 s - 2 scrolls of fog
 t - 2 scrolls of poison
 J - a scroll of identify
Potions
 d - 4 potions of might
 f - a potion of brilliance
 g - 10 potions of curing
 h - 3 potions of heal wounds
 q - a potion of ambrosia
 r - 2 potions of attraction
 A - a potion of invisibility {unknown}
 H - 2 potions of degeneration
Miscellaneous
 v - a lightning rod (4/4)


   Skills:
 + Level 8.3 Fighting
 + Level 7.7 Axes
 + Level 8.2 Armour
 + Level 5.8 Dodging
 + Level 8.0 Shields
 + Level 4.6 Evocations


You had 9 spell levels left.
You didn't know any spells.
Your spell library contained the following spells:

 Spells                   Type           Power      Damage    Failure   Level
 Magic Dart               Conj           0%         1d3       92%         1
 Ensorcelled Hibernation  Hex/Ice        0%         N/A       98%         2
 Jinxbite                 Hex            0%         N/A       98%         2
 Searing Ray              Conj           0%         2d4       98%         2
 Sublimation of Blood     Necr           0%         N/A       98%         2
 Anguish                  Hex/Necr       0%         N/A       100%        4
 Animate Armour           Summ/Erth      0%         N/A       100%        4
 Fulminant Prism          Conj/Hex       0%         3d5       100%        4
 Petrify                  Tmut/Erth      0%         N/A       100%        4
 Summon Lightning Spire   Summ/Air       0%         N/A       100%        4
 Irradiate                Conj/Tmut      0%         3d11      100%        5
 Lee's Rapid Deconstruct  Erth           0%         3d4*      100%        5


Dungeon Overview and Level Annotations

Branches:
Dungeon (8/15)             Temple (0/1) D:4         Ossuary (visited)
   Lair: D:8-11

Altars:
Ashenzari
Dithmenos
Elyvilon
Fedhas
Gozag
Sif Muna
Uskayaw
Wu Jian
Xom
Zin

Shops:
D:4 *   D:7 (

Annotations:
D:6 3 runed translucent doors, mcwallace's ghost, novice SpSh


Innate Abilities, Weirdness & Mutations

You have a pair of horns on your head.
You reflexively headbutt those who attack you in melee.
You are completely covered in iridescent scales. (AC +6)
You have a somewhat thin skeletal structure. (Dex +2, Stealth+)
You sometimes lose your temper in combat.
Your flesh is very heat resistant. (rF++)
Your magical capacity is low. (-10% MP)
Your muscles are very strong. (Str +8, Int/Dex -2)


Message History

Xom twists space around you.
Your surroundings suddenly seem different.
Found a jewelled bronze wand and 15 gold pieces.
Your surroundings suddenly seem different.
Found a plate armour and a potion of degeneration.
Your surroundings suddenly seem different.
An acid dragon, 2 wyverns, a shadow imp and 3 orcs come into view.
Found a bubbling sapphire potion, 20 gold pieces and a chain mail.
The wyvern hisses angrily.
The acid dragon roars!
The wyvern hisses angrily.
The orc wizard shouts!
The orc shouts!
The harpy screeches!
You hit the wyvern.
The wyvern is poisoned.
The wyvern is lightly wounded.
The wyvern bites you! The wyvern closely misses you.
You hit the orc.
The orc is poisoned.
Your headbutt misses the orc.
The orc is almost dead.
You barely miss the wyvern.
You kill the orc!
You block the wyvern's attack.
The orc priest invokes the aid of Beogh against you.
Beogh smites you!
* * * LOW HITPOINT WARNING * * *
The wyvern misses you. You furiously retaliate!
You headbutt the wyvern! You block the wyvern's attack.
You block the orc wizard's attack.
You feel very mighty all of a sudden. The harpy claws you.
* * * LOW HITPOINT WARNING * * *
You block the harpy's attack. The harpy claws you but does no damage.
The harpy claws you!
* * * LOW HITPOINT WARNING * * *
The wyvern bites you!
* * * LOW HITPOINT WARNING * * *
Xom thinks this is hilarious!
The wyvern closely misses you. You furiously retaliate!
You headbutt the wyvern! The harpy claws you but does no damage.
You block the harpy's attack. The acid dragon spits acid at you.
The splash of acid hits you! You resist.
You die...
Xom bursts into laughter!

##...### ##. ##.. #..# #
## # #### #[##
##..####.#######
##...####.#.##...oH))!..#
#.$.#..#.#........###....
...$...D.H!..o..# #.##.
....o.5l@l..##. #####
...#...o.##.# ....#...#.#
###..###### ##. #
########### #.>....'.).
########... ####


You could see a harpy, 2 wyverns, an acid dragon (catching breath), 2 orc
priests, an orc wizard and a shadow imp.

Vanquished Creatures
  Pikel (D:6)
  Jeremiah (D:7)
  Prince Ribbit (D:7)
  2 wyverns (D:8)
  Eustachio (D:5)
  A water moccasin (D:8)
  2 ice beasts
  A sky beast (D:7)
  An orc warrior (D:7)
  2 black bears
  3 centaurs
  4 lemures (D:6)
  A kobold brigand (D:6)
  8 scorpions
  A gnoll sergeant (D:7)
  A killer bee (D:2)
  4 howler monkeys
  2 centaur zombies (Ossuary)
  A hound (D:6)
  A jelly (D:4)
  An orc priest (D:8)
  3 human zombies (Ossuary)
  Crazy Yiuf (D:7)
  Jessica (D:3)
  An iguana (D:6)
  7 orc wizards
  6 scorpion zombies (Ossuary)
  3 mummies (Ossuary)
  6 gnolls
  8 adders
  A white imp (D:7)
  An ufetubus (D:5)
  2 worms (D:3)
  A dart slug (D:1)
  25 orcs
  3 bats
  3 endoplasms
  2 giant cockroaches (D:2)
  9 hobgoblins
  A quokka (D:3)
  5 ball pythons
  2 frilled lizards
  12 goblins
  2 goblin zombies (Ossuary)
  2 hobgoblin zombies (Ossuary)
  10 kobolds
  5 kobold zombies (Ossuary)
  2 orc zombies (Ossuary)
  A rat (D:3)
165 creatures vanquished.

Vanquished Creatures (others)
  A kobold (D:6)
1 creature vanquished.

Grand Total: 166 creatures vanquished

Notes
Turn   | Place    | Note
-------+----------+-------------------------------------------
     0 | D:1      | javelincjr the Minotaur Fighter began the quest for the
                  | Orb.
     0 | D:1      | Reached XP level 1. HP: 19/19 MP: 0/0
    29 | D:1      | Found a faded altar of an unknown god.
    69 | D:1      | Prayed at the altar of an unknown god.
    69 | D:1      | Became a worshipper of Xom of Chaos
   385 | D:1      | Reached XP level 2. HP: 27/27 MP: 1/1
   631 | D:1      | XOM: give mutations
   631 | D:1      | Gained mutation: You have a pair of large horns on your
                  | head. [Xom's grace]
   631 | D:1      | Gained mutation: You have a somewhat thin skeletal
                  | structure. (Dex +2, Stealth+) [Xom's grace]
   631 | D:1      | Gained mutation: You are strong-willed. (Will+) [Xom's
                  | grace]
   736 | D:1      | XOM: give mutations
   736 | D:1      | Gained mutation: Your muscles are strong. (Str +4, Int/Dex
                  | -1) [Xom's mischief]
   736 | D:1      | Gained mutation: You expend magic power (3 MP) to
                  | strengthen your wands. [Xom's mischief]
   736 | D:1      | Lost mutation: You expend magic power (3 MP) to strengthen
                  | your wands. [Xom's mischief]
   736 | D:1      | Gained mutation: You are partially covered in iridescent
                  | scales. (AC +2) [Xom's mischief]
   741 | D:1      | XOM: give mutations
   741 | D:1      | Gained mutation: You sometimes lose your temper in combat.
                  | [Xom's mischief]
   741 | D:1      | Gained mutation: You are highly strong-willed. (Will++)
                  | [Xom's mischief]
   741 | D:1      | Gained mutation: You have sharp toenails. [Xom's mischief]
   815 | D:2      | You fall into a shaft and drop 2 floors!
   815 | D:4      | Found a hide-covered altar of Uskayaw.
   840 | D:4      | Found a staircase to the Ecumenical Temple.
   971 | D:4      | Found a broken altar of Ashenzari.
  1082 | D:4      | Found Zyehoxzed's General Store.
  1092 | D:4      | Bought a scroll of enchant armour for 82 gold pieces
  1141 | D:4      | Found a shimmering altar of Xom.
  1180 | D:4      | Reached XP level 3. HP: 24/33 MP: 2/2
  1244 | D:4      | Found a shadowy altar of Dithmenos.
  1249 | D:4      | XOM: confusion
  1386 | D:4      | Found a glowing silver altar of Zin.
  1588 | D:3      | Reached XP level 4. HP: 41/41 MP: 3/3
  1682 | D:3      | Found a white marble altar of Elyvilon.
  1790 | D:2      | XOM: polymorph adder -> killer bee
  1933 | D:2      | Reached XP level 5. HP: 47/47 MP: 4/4
  2181 | D:2      | XOM: god gift: lightning rod (4/4)
  2314 | D:3      | Noticed Jessica
  2320 | D:3      | Killed Jessica
  2321 | D:3      | Reached skill level 5 in Fighting
  2486 | D:3      | XOM: 1-stop teleportation journey
  2552 | D:3      | Reached skill level 5 in Shields
  2763 | D:3      | Reached skill level 5 in Armour
  3073 | D:3      | XOM: cloud trail
  3090 | D:3      | XOM: give mutations
  3090 | D:3      | Gained mutation: Your spells are a little harder to cast,
                  | but a little more powerful. [Xom's grace]
  3090 | D:3      | Gained mutation: You are mostly covered in iridescent
                  | scales. (AC +4) [Xom's grace]
  3238 | D:4      | Reached XP level 6. HP: 56/56 MP: 5/5
  3392 | D:5      | Entered Level 5 of the Dungeon
  3534 | D:5      | XOM: torment (29/56 hp)
  3553 | D:5      | XOM: 1-stop teleportation journey
  3674 | D:5      | XOM: scenery: create altars
  3769 | D:5      | XOM: cleaving
  3775 | D:5      | Reached skill level 1 in Dodging
  3868 | D:5      | XOM: cloud trail
  4107 | D:5      | XOM: confuse monster(s)
  4109 | D:5      | XOM: divination: detect items
  4111 | D:5      | Reached skill level 1 in Evocations
  4116 | D:5      | XOM: give mutations
  4116 | D:5      | Gained mutation: You are completely covered in iridescent
                  | scales. (AC +6) [Xom's grace]
  4116 | D:5      | Gained mutation: You expend magic power (3 MP) to
                  | strengthen your wands. [Xom's grace]
  4122 | D:5      | XOM: polymorph orc -> kobold
  4123 | D:5      | Noticed Eustachio
  4143 | D:5      | Killed Eustachio
  4144 | D:5      | Reached XP level 7. HP: 36/61 MP: 6/6
  4321 | D:5      | XOM: scenery: summon butterflies
  4431 | D:5      | XOM: scenery: 1 doors close
  4640 | D:5      | XOM: summons 2 hostile shadow creatures
  4775 | D:6      | Noticed Pikel
  4799 | D:6      | Killed Pikel
  4800 | D:6      | Reached skill level 5 in Axes
  4800 | D:6      | Reached XP level 8. HP: 39/70 MP: 7/7
  4924 | D:6      | XOM: god gift: 52 gold pieces
  5007 | D:6      | Found a sand-covered staircase.
  5010 | D:6      | XOM: enchant monster (good)
  5012 | Ossuary  | Entered an ossuary
  5024 | Ossuary  | XOM: divination: detect items
  5071 | Ossuary  | XOM: blink monster(s)
  5084 | Ossuary  | XOM: fake destruction
  5287 | Ossuary  | XOM: noise
  5424 | D:6      | Reached XP level 9. HP: 79/79 MP: 8/8
  5488 | D:6      | Found a runed translucent gate.
  5491 | D:6      | Noticed mcwallace's ghost (novice SpSh)
  5492 | D:6      | Found a runed translucent gate.
  5492 | D:6      | Noticed a kobold demonologist
  5493 | D:6      | Found a runed translucent gate.
  5521 | D:6      | Found an ornate altar of the Wu Jian Council.
  5729 | D:6      | Lost mutation: Your spells are a little harder to cast, but
                  | a little more powerful. [potion of mutation]
  5729 | D:6      | Lost mutation: You expend magic power (3 MP) to strengthen
                  | your wands. [potion of mutation]
  5729 | D:6      | Lost mutation: You have sharp toenails. [potion of
                  | mutation]
  5729 | D:6      | Gained mutation: You occasionally shout uncontrollably at
                  | your foes. [potion of mutation]
  5729 | D:6      | Lost mutation: You are highly strong-willed. (Will++)
                  | [potion of mutation]
  5729 | D:6      | Gained mutation: Your muscles are very strong. (Str +8,
                  | Int/Dex -2) [potion of mutation]
  5817 | D:7      | Found Coimooxzi's Antique Weapon Shop.
  6058 | D:7      | XOM: scenery: summon butterflies
  6060 | D:7      | Noticed Prince Ribbit
  6063 | D:7      | XOM: enchant monster (bad)
  6075 | D:7      | Killed Prince Ribbit
  6076 | D:7      | Reached skill level 5 in Dodging
  6150 | D:7      | XOM: confusion (+ monsters)
  6157 | D:7      | Noticed Jeremiah
  6174 | D:7      | XOM: divination: detect creatures
  6187 | D:7      | Killed Jeremiah
  6456 | D:7      | Found an opulent altar of Gozag.
  6465 | D:7      | Lost mutation: You are strong-willed. (Will+) [potion of
                  | mutation]
  6465 | D:7      | Lost mutation: You have a pair of large horns on your head.
                  | [potion of mutation]
  6465 | D:7      | Lost mutation: You occasionally shout uncontrollably at
                  | your foes. [potion of mutation]
  6465 | D:7      | Gained mutation: Your magical capacity is low. (-10% MP)
                  | [potion of mutation]
  6465 | D:7      | Gained mutation: Your flesh is heat resistant. (rF+)
                  | [potion of mutation]
  6465 | D:7      | Gained mutation: Your flesh is very heat resistant. (rF++)
                  | [potion of mutation]
  6542 | D:7      | Found a shimmering blue altar of Sif Muna.
  6882 | D:7      | Found a blossoming altar of Fedhas.
  6967 | D:7      | Found a runed translucent door.
  6968 | D:7      | Noticed Crazy Yiuf
  7030 | D:7      | XOM: summons 2 hostile demons
  7031 | D:7      | Noticed a sun demon
  7232 | D:7      | Killed Crazy Yiuf
  7332 | D:8      | XOM: summons 1 hostile demon
  7601 | D:8      | Reached XP level 10. HP: 88/88 MP: 8/8
  7605 | D:8      | a basilisk changed into a harpy
  7605 | D:8      | Noticed a harpy
  7605 | D:8      | XOM: polymorph basilisk -> harpy
  7614 | D:8      | XOM: 3-stop teleportation journey
  7618 | D:8      | HP: 1/88 [wyvern (14)]
  7618 | D:8      | Killed from afar by an acid dragon

Illustrated notes

Levels and vault maps discovered:
D:1:      dpeg_arrival_houses_and_road, layout_basic, serial_aquarium,
          aquarium_bridge_square [aquarium_subvault_bridge,
          aquarium_subvault_bridge, aquarium_subvault_window,
          aquarium_subvault_wall], aquarium_bridge_island_small
          [aquarium_subvault_small_open, aquarium_subvault_bridge,
          aquarium_subvault_window, aquarium_subvault_bridge,
          aquarium_subvault_balcony], aquarium_window_fake,
          aquarium_window_fake, aquarium_window_fake, aquarium_window_1,
          aquarium_view_2a, aquarium_view_2b, aquarium_pool_2,
          dreamdust_ecumenical_altar_angels_and_demons
D:2:      layout_basic, serial_corexii_hall, chequers_hall_statues_y,
          corexii_hall_statues_x
D:3:      layout_basic, elyvilon_altar_1, guppyfry_early_orc_mine, uniq_jessica
D:4:      layout_loops_ring, mainiacjoe_overflow_cross_hatched,
          nicolae_ashenzari_panopticon, eat_drink_and_be_merry_uskayaw,
          mainiacjoe_overflow_surrounded_room,
          nicolae_dithmenos_through_a_glass_darkly, minmay_temple_entry_wispy,
          serial_shops, nicolae_shop_statue_plus
D:5:      layout_loops_corners, water_boxes_lemuel, uniq_eustachio
D:6:      layout_basic, nicolae_wu_jian_wuxing_cycle,
          gammafunk_ghost_nasty_kobolds, enter_ossuary_2, uniq_pikel
D:7:      layout_layer_cave, lemuel_round_altar, general_overflow_altar,
          led_sif_pool, serial_shops, nicolae_take_the_stairs,
          nrook_loot_triangle, uniq_prince_ribbit1, uniq_crazy_yiuf_cottage,
          uniq_jeremiah
D:8:      layout_basic, erik_lair_dragon

Skill      XL: |  1  2  3  4  5  6  7  8  9 |
---------------+----------------------------+-----
Fighting       | 4 5 6 7 8 |  8.3
Armour         | 4 5 6 7 8 |  8.2
Shields        | 4 5 6 8 |  8.0
Axes           | 3 4 5 6 7 |  7.7
Dodging        | 2 3 4 5 |  5.8
Evocations     | 1 2 3 4 |  4.6

Action                     |  1- 3 |  4- 6 |  7- 9 | 10-12 || total
---------------------------+-------+-------+-------+-------++-------
  Melee: War axe           |    32 |    49 |       |       ||    81
         Kick              |     3 |    21 |    42 |       ||    66
         Headbutt          |     4 |    15 |    55 |       ||    74
         Hand axe          |       |    73 |   233 |     7 ||   313
         Mace              |       |       |    12 |       ||    12
    Use: Scroll            |     1 |       |    17 |       ||    18
         Potion            |       |       |     4 |     1 ||     5
 Armour: Scale mail        |     5 |       |       |       ||     5
         Chain mail        |    16 |    69 |   154 |    22 ||   261
  Dodge: Dodged            |    11 |    42 |    88 |     5 ||   146
  Block: Buckler           |     8 |    49 |   155 |     8 ||   220
         Reflection        |       |     3 |     9 |       ||    12

Table legend: (Time is in decaauts)
 A = Elapsed time spent in this place.
 B = Non-inter-level travel time spent in this place.
 C = Inter-level travel time spent in this place.
 D = Time resting spent in this place.
 E = Time spent auto-exploring this place.
 F = Levels seen in this place.
 G = Mean time per level.
                   A        B        C        D        E       F      G
               +--------+--------+--------+--------+--------+-----+--------+
         Total |   7723 |   7402 |    321 |      3 |   6011 |   9 |  858.1 |
       Dungeon |   7351 |   7030 |    321 |      3 |   5998 |   8 |  918.9 |
       Ossuary |    372 |    372 |      0 |      0 |     13 |   1 |  372.0 |
               +--------+--------+--------+--------+--------+-----+--------+

Top non-repeatable levels by time:
     D:7: 1502 daAuts
     D:5: 1366 daAuts
     D:3: 1070 daAuts
     D:4: 1017 daAuts
     D:1: 799 daAuts
     D:6: 706 daAuts
     D:2: 535 daAuts
 Ossuary: 372 daAuts
     D:8: 352 daAuts
